Map: Blackpink LE

Players

whysoserious

  • Race: Protoss Protoss
  • League: Platinum
  • Spawn Location: 1:00

Kozzy - Winner!

  • Race: Protoss Protoss
  • League: Gold
  • Spawn Location: 7:00

VOD

Have the link to the VOD?

Description

Time

  • Played on: April 4, 2018, 1:43 a.m.
  • Length: 5:23
Show
View Real Time Build Order
Export as new Build Order

whysoserious Protoss 

Build Orders: 1 Gate Expand 

Get SALT Encoding   

  12  0:01  Probe  
  13  0:23  Pylon  
  13  0:31  Probe  
  14  0:43  Probe, Gateway  
  15  0:53  Assimilator  
  15  0:55  Probe  
  16  1:07  Probe  
  17  1:25  Nexus  
  17  1:33  Probe  
  18  1:44  Zealot  
  18  1:45  Probe  
  21  1:53  Cybernetics Core  
  21  1:57  Probe  
  21  1:59  Pylon  
  22  2:09  Probe  
  23  2:21  Probe  
  24  2:29  Gateway  
  24  2:31  Warp Gate  
  24  2:33  Probe  
  24  2:36  Assimilator  
  25  2:37  Probe (Chrono Boost)  
  26  2:45  Pylon  
  26  2:49  Probe (Chrono Boost)  
  26  2:50  Probe (Chrono Boost)  
  28  2:57  Probe (Chrono Boost)  
  29  3:09  Probe  
  29  3:10  Stalker  
  31  3:18  Stalker, Robotics Facility  
  33  3:21  Probe  
  33  3:22  Probe  
  35  3:28  Shield Battery  
  35  3:33  Probe  
  36  3:34  Probe  
  37  3:45  Probe  
  37  3:47  Probe, Pylon  
  39  3:50  Zealot  
  41  3:57  Probe  
  41  3:59  Probe  
  43  4:06  Observer  
  43  4:09  Probe  
  45  4:11  Probe, Stalker  
  48  4:19  Assimilator  
  48  4:22  Probe  
  48  4:23  Probe  
  50  4:27  Twilight Council  
  50  4:34  Probe, Gateway  
  50  4:35  Probe  
  52  4:38  Gateway  
  52  4:39  Gateway  
  56  4:46  Probe  
  56  4:47  Probe  
  58  4:58  Probe  
  57  5:04  Stalker x2  
  57  5:06  Shield Battery  
  57  5:09  Pylon  
Show
View Real Time Build Order
Export as new Build Order

Kozzy Protoss - Winner!

Build Orders:  

Get SALT Encoding   

  12  0:01  Probe  
  13  0:14  Probe  
  14  0:18  Pylon  
  14  0:26  Probe  
  15  0:38  Probe  
  15  0:42  Gateway  
  16  0:45  Assimilator  
  16  1:00  Probe (Chrono Boost)  
  17  1:07  Assimilator  
  17  1:10  Probe (Chrono Boost)  
  18  1:15  Probe (Chrono Boost)  
  19  1:26  Probe  
  20  1:36  Cybernetics Core  
  20  1:38  Probe  
  21  1:45  Assimilator  
  21  1:46  Pylon  
  21  1:50  Probe  
  22  2:11  Forge  
  22  2:12  Pylon  
  22  2:16  Shield Battery  
  22  2:18  Warp Gate  
  22  2:32  Stalker  
  22  2:36  Protoss Ground Weapons Level 1 (Chrono Boost)  
  24  2:41  Probe  
  25  2:57  Gateway  
  25  3:05  Pylon  
  25  3:25  Gateway  
  25  3:26  Gateway  
  25  3:27  Pylon  
  25  3:39  Stalker  
  27  4:03  Pylon  
  27  4:21  Stalker x2  
  27  4:22  Stalker x2  
  35  4:43  Photon Cannon  
  35  4:46  Stalker  
  35  4:47  Stalker  
Tags
 
Matchup
PvP
Spawn Locations
Cross Positions
Add a new tag
Caveats
  • Supply blocks, unpowered buildings, or Contaminate may cause inaccurate times.
  • Supply counts are checked every 10 seconds.